Cogmind - Beta 15 @@@ ROGUE MODE // 2025.07.07 @ 09:17:35 Player: korgoth Result: Destroyed by D-53 Grenadier with Mini Grenade Launcher Performance ------------- Evolutions (0) 0 Regions Visited (2) 400 Robots Destroyed (11) 55 Value Destroyed (161) 161 Prototype IDs (0) 0 Alien Tech Used (0) 0 Bonus (0) 0 TOTAL SCORE: 616 Bonus ------- None Cogmind --------- Core Integrity 0/250 Matter 203/300 Energy 100/100 System Corruption 0% Temperature Cool (0) Movement Walking (120) Location -10/Mines Parts ------- > --- POWER (1) -------- (None) > --- PROPULSION (2) --- Aluminum Leg > --- UTILITY (2) ------ Small Storage Unit Improved Terrain Scanner > --- WEAPON (2) ------- Light Assault Rifle > --- INVENTORY (8) ---- Aluminum Leg Aluminum Leg Flight Unit Flight Unit Flight Unit Scrap Suit Peak State ------------ > --- POWER ------------ Light Ion Engine > --- PROPULSION ------- Aluminum Leg Aluminum Leg > --- UTILITY ---------- Small Storage Unit Improved Terrain Scanner > --- WEAPON ----------- Light Assault Rifle Light Assault Rifle > --- INVENTORY -------- Aluminum Leg Aluminum Leg Compact Wheel Scrap Suit Small Storage Unit Seismic Detector Grenade Launcher [Rating: 10] Favorites ----------- Power Light Ion Engine Engine Light Ion Engine Propulsion Aluminum Leg Leg Aluminum Leg Wheel Compact Wheel Utility Small Storage Unit Device Improved Terrain Scanner Storage Small Storage Unit Weapon Medium Laser Energy Gun Medium Laser Ballistic Gun Light Assault Rifle Launcher Grenade Launcher Build | -11 -10 -10 ------- Run | Yrd Mat Min Slots Evolved . | . . . Power . | . . . Propulsion . | . . . Utility . | . . . Weapon . | . . . Parts Attached 16 | 9 . 7 Power 3 | 1 . 2 Engine 3 | 1 . 2 Core . | . . . Reactor . | . . . Propulsion 5 | 4 . 1 Treads . | . . . Leg 3 | 2 . 1 Wheel 2 | 2 . . Hover . | . . . Flight . | . . . Utility 3 | 2 . 1 Device 1 | 1 . . Storage 2 | 1 . 1 Processor . | . . . Hackware . | . . . Protection . | . . . Artifact . | . . . Weapon 5 | 2 . 3 Energy Gun 2 | 2 . . Energy Cannon . | . . . Ballistic Gun 2 | . . 2 Ballistic Cannon . | . . . Launcher 1 | . . 1 Special Weapon . | . . . Impact Weapon . | . . . Slashing Weapon . | . . . Piercing Weapon . | . . . Special Melee Weapon . | . . . Unidentified Prototypes . | . . . Parts Lost 6 | . . 6 Power 2 | . . 2 Propulsion 1 | . . 1 Utility . | . . . Weapon 3 | . . 3 Highest Loss Streak 4 | . . 4 To Critical Strikes . | . . . Average Backups 6 | 3 7 7 Power . | . 1 . Propulsion 2 | 1 1 3 Utility 1 | . 2 2 Weapon 1 | . 2 1 Tool/Special . | . . . Unused Backups 7 | . 1 6 Power . | . . . Propulsion 4 | . . 4 Utility 2 | . . 2 Weapon 1 | . 1 . Tool/Special . | . . . Average Slot Usage (%) 98 | . 100 98 Engine 13 | . 14 13 Leg 28 | . 28 28 Device 14 | . 14 14 Storage 14 | . 14 14 Energy Gun 15 | . 28 11 Ballistic Gun 11 | . . 14 Peak Build Rating 10 | 9 9 10 Average Rating 8 | 5 9 9 On Entrance 6 | . 9 9 Naked Turns . | . . . Heaviest Build 15 | 15 15 15 Greatest Support 32 | 32 20 20 Greatest Overweight (x) . | . . . Average Overweight (x) . | . . . Largest Inventory Capacity 8 | 8 8 8 Average Capacity 7 | 7 8 8 Most Carried 8 | 7 8 8 Average Carried 7 | 3 7 7 Final Capacity 8 | 8 8 8 Final Carried 8 | 6 8 7 Class Distribution -------------------- 77% | Mutant 22% | Scavenger-Mutant Dominant Class ---------------- Mutant | -10/Materials Mutant | -10/Mines Resources | -11 -10 -10 ----------- Run | Yrd Mat Min Matter Collected 330 | 151 . 179 Remotely . | . . . Salvage Created 273 | 75 . 198 Parts 23 | 7 . 16 Haulers Intercepted . | . . . Recyclers Shooed . | . . . Parts Field Recycled . | . . . Retrieved Matter . | . . . Parts Self-Destructed . | . . . Prevented . | . . . Kills | -11 -10 -10 ------- Run | Yrd Mat Min Combat Hostiles Destroyed 11 | . . 11 Guns 8 | . . 8 AOE 3 | . . 3 Classes Destroyed 5 | 2 . 3 Tunneler 2 | 2 . . Recycler 1 | 1 . . Swarmer 6 | . . 6 Grunt 2 | . . 2 Assembled 3 | . . 3 Best Kill Streak 4 | 3 . 4 Combat Bots Only 4 | . . 4 Max Kills in Single Turn 2 | 1 . 2 Gunslinging 1 | . . 1 Exploded 2 | . . 2 Melee . | . . . Uniques/NPCs Destroyed . | . . . Combat | -11 -10 -10 -------- Run | Yrd Mat Min Hostile Shots Fired 77 | . . 77 Missed 18 | . . 18 Hits 59 | . . 59 Melee 2 | . . 2 Projectile 57 | . . 57 AOE 6 | . . 6 Critical Strikes 1 | . . 1 Damage Taken 901 | . . 901 Core 266 | . . 266 Absorbed by Shields . | . . . Core Remaining (%) 100 | 100 . . Volleys Fired 28 | 3 . 25 Largest 2 | 2 . 2 Hottest 100 | 100 . 100 Shots Fired 52 | 6 . 46 Gun 49 | 6 . 43 Cannon . | . . . Launcher 3 | . . 3 Special . | . . . Kinetic 17 | . . 17 Thermal 32 | 6 . 26 Explosive 3 | . . 3 Electromagnetic . | . . . Robot Hit Streak 7 | 5 . 7 Robot Miss Streak 3 | . . 3 Penetration Max . | . . . Secondary Targets 2 | . . 2 Max Gunslinging Chain 1 | . . 1 Shots Hit Robots 32 | 5 . 27 Core Hits 27 | 4 . 23 Critical Kills . | . . . Critical Parts Destroyed . | . . . Critical Strikes 4 | . . 4 Burn 4 | . . 4 Melee Attacks . | . . . Impact . | . . . Slashing . | . . . Piercing . | . . . Sneak Attacks . | . . . Combat Hostiles . | . . . Follow-up Attacks . | . . . Damage Inflicted 585 | 64 . 521 Guns 356 | 64 . 292 Cannons . | . . . Explosions 229 | . . 229 Melee . | . . . Ramming . | . . . Kinetic 66 | . . 66 Thermal 290 | 64 . 226 Explosive 229 | . . 229 Electromagnetic . | . . . Impact . | . . . Slashing . | . . . Piercing . | . . . Highest Corruption . | . . . Average Corruption . | . . . Corruption Purged . | . . . Corruption Blocked . | . . . Overload Shots . | . . . Overflow Damage 6 | . . 6 Projectiles . | . . . Explosions 6 | . . 6 Melee . | . . . Knockbacks . | . . . Impact . | . . . Kinetic . | . . . Secondary . | . . . Self-Inflicted Damage 10 | . . 10 Shots 1 | . . 1 Rammed . | . . . Targets Rammed . | . . . Kicked . | . . . Crushed . | . . . Highest Temperature 389 | 39 . 389 Average Temperature 155 | 20 . 183 Received Heat Transfer 81 | . . 81 Effects 4 | . . 4 Shutdowns 1 | . . 1 Interference 2 | . . 2 Matter Decay 1 | . . 1 Siege Activations . | . . . Martial Activations . | . . . Shielding Activations . | . . . Robots Disrupted . | . . . Combat Hostiles . | . . . Robots Corrupted . | . . . Combat Hostiles . | . . . Parts Fried . | . . . Impact Corruptions . | . . . Robots Melted . | . . . Combat Hostiles . | . . . Parts Melted 2 | . . 2 Heat Transferred 1147 | 185 . 962 Parts Sabotaged . | . . . Parts Stolen . | . . . Parts Stripped . | . . . Power Chain Reactions . | . . . Alert | -11 -10 -10 ------- Run | Yrd Mat Min Maximum Alert Level . | . . . Low Security (%) 100 | 100 100 100 Level 1 . | . . . Level 2 . | . . . Level 3 . | . . . Level 4 . | . . . Level 5 . | . . . High Security . | . . . Max Security . | . . . Peak Influence 130 | 5 7 130 Initial . | . . . Average 51 | 1 . 77 Influence Increases 282 | 15 7 260 Destroy 0b10 Robot/C 160 | . . 160 Destroy 0b10 Robot/NC 15 | 15 . . Destroy Leader 30 | . . 30 Successful Hack 7 | . 7 . Destroy Structure 10 | . . 10 Lose Combat Pursuer 60 | . . 60 Influence Decreases 280 | 15 7 258 Time Decay 220 | 15 7 198 Lost Part 60 | . . 60 Squads Dispatched 2 | . 2 . Investigation 1 | . 1 . Extermination . | . . . Reinforcement 1 | . 1 . Assault . | . . . Garrison . | . . . Intercept . | . . . Searches Triggered . | . . . Construction Impeded . | . . . Haulers Reinforced . | . . . Active Scanning Responses . | . . . Cargo Convoy Interrupts . | . . . Stealth | -11 -10 -10 --------- Run | Yrd Mat Min Distress Signals . | . . . Communications Jammed . | . . . Distress Signals . | . . . Times Spotted 23 | . 2 21 Peak Tracking Total 10 | . 2 10 Tactical Retreats 2 | . . 2 Traps | -11 -10 -10 ------- Run | Yrd Mat Min Traps Triggered 1 | . 1 . Indirectly . | . . . Trap Hack Attempts . | . . . Triggered . | . . . Disarmed . | . . . Reprogrammed . | . . . Reused . | . . . Traps Extracted . | . . . Installed . | . . . Triggered . | . . . Machines | -11 -10 -10 ---------- Run | Yrd Mat Min Machines Disabled . | . . . Max in Single Turn . | . . . Machines Repaired . | . . . Machines Dismantled . | . . . Machines Sabotaged . | . . . Overloaded Fab Kills . | . . . Hacking | -11 -10 -10 --------- Run | Yrd Mat Min Machines Accessed 3 | . 3 . Terminals 2 | . 2 . Fabricators . | . . . Repair Stations . | . . . Recycling Units 1 | . 1 . Scanalyzers . | . . . Garrison Access . | . . . Total Hacks 4 | . 4 . Successful 3 | . 3 . Failed 1 | . 1 . Catastrophic . | . . . Database Lockouts . | . . . Manual 1 | . 1 . Terminals 2 | . 2 . Fabricators . | . . . Repair Stations . | . . . Recycling Units 2 | . 2 . Scanalyzers . | . . . Garrison Access . | . . . Terminal Hacks 1 | . 1 . Branch Access Points 1 | . 1 . Fabricator Hacks . | . . . Repair Station Hacks . | . . . Recycling Unit Hacks 2 | . 2 . Report Inventory 1 | . 1 . Retrieve Components 1 | . 1 . Scanalyzer . | . . . Garrison Access Hacks . | . . . Unauthorized Hacks . | . . . Terminals . | . . . Fabricators . | . . . Repair Stations . | . . . Recycling Units . | . . . Scanalyzers . | . . . Garrison Access . | . . . Data Cores Recovered . | . . . Used . | . . . Hacking Detections 2 | . 2 . Full Trace Events . | . . . Feedback Events . | . . . Feedback Blocked . | . . . Robot Schematics Acquired . | . . . Robots Built . | . . . Authchips . | . . . Time . | . . . Total Robot Build Rating . | . . . Part Schematics Acquired . | . . . Parts Built . | . . . Authchips . | . . . Time . | . . . Total Part Build Rating . | . . . Parts Repaired . | . . . Time . | . . . Parts Recycled . | . . . Recycled Matter . | . . . Retrieved Matter . | . . . Retrieved Components 1 | . 1 . Parts Scanalyzed . | . . . Part Schematics Acquired . | . . . Parts Damaged . | . . . Bothacking | -11 -10 -10 ------------ Run | Yrd Mat Min Used RIF Installer . | . . . Robots Hacked . | . . . Non-combat . | . . . Combat . | . . . Robot Hacks Applied . | . . . Relay Couplers Released . | . . . Fabnet Peak Effective % . | . . . Robots Rewired . | . . . Allies Hacked . | . . . Hacks Repelled . | . . . Allies | -11 -10 -10 -------- Run | Yrd Mat Min Total Allies . | . . . Largest Group . | . . . Highest-Rated Group . | . . . Highest-Rated Ally . | . . . Total Orders . | . . . Ally Attacks . | . . . Total Damage . | . . . Kills . | . . . Allies Corrupted . | . . . Allies Melted . | . . . Intel | -11 -10 -10 ------- Run | Yrd Mat Min Active Infowar (turns) 418 | 16 106 296 Terrain 418 | 16 106 296 Robot Analysis Total . | . . . Derelict Logs Recovered . | . . . Drone Launches . | . . . Drone Recoveries . | . . . Exploration | -11 -10 -10 ------------- Run | Yrd Mat Min Turns Passed 632 | 115 106 411 Spaces Moved 411 | 77 85 249 Core 6 | 6 . . Treads . | . . . Legs 380 | 46 85 249 Wheels 25 | 25 . . Hover . | . . . Flight . | . . . Fastest Speed 50 | 50 120 120 Average Speed 117 | 108 120 120 Slowest Speed 120 | 120 120 120 Overloaded Moves . | . . . Propulsion Burnouts . | . . . Robots Hopped . | . . . Potential Cave-ins . | . . . Cave-ins Triggered . | . . . Exploration Rate (%) 21 | 4 26 34 Regions Visited 2 Branch Regions 1 Pre-discovered Areas . | . . . Known Exits Taken 1 | . 1 . Unknown Exits Taken 1 | 1 . . Scrap Searched . | . . . Spaces Dug . | . . . Terrain Destroyed 10 | . . 10 Melee . | . . . Projectile . | . . . AOE 10 | . . 10 Terrain Rammed . | . . . Walls Destroyed . | . . . Machines Disabled . | . . . Actions | -11 -10 -10 --------- Run | Yrd Mat Min Total 512 | 101 90 321 Wait 20 | . . 20 Move 409 | 76 84 249 Hop . | . . . Pick Up 27 | 13 4 10 Fast Attach . | . . . Attach 11 | 7 . 4 Detach . | . . . Swap 6 | 2 . 4 Drop 11 | . 2 9 Fire 28 | 3 . 25 Melee . | . . . Ram . | . . . Kick . | . . . Crush . | . . . Escape Stasis . | . . . Rewire . | . . . Trap . | . . . Miscellaneous . | . . . Route ------- -11/Scrapyard -10/Materials (discovered 2 exits: *Min x2) -10/Mines (discovered 1 exit: [*Mat]) History --------- Turn | Location | Event 15 | -11/Scrapyard | Discovered new exit (range 15) 116 | -11/Scrapyard | Entered Materials 204 | -10/Materials | Identified exit to Mines 222 | -10/Materials | Entered Mines 316 | -10/Mines | Build established: Mutant 406 | -10/Mines | Found a Scrap Suit stashed away for nefarious purposes 411 | -10/Mines | Found Scrap Suit 467 | -10/Mines | Discovered new exit (range 12) 594 | -10/Mines | Assembled infested the area 625 | -10/Mines | Core integrity fell below 50% 632 | -10/Mines | Core integrity fell below 20% 633 | -10/Mines | Destroyed by D-53 Grenadier with Mini Grenade Launcher Last Messages --------------- Dropped Seismic Detector. Acquired Grenade Launcher. ALERT: Infestation in the mines, dispatching Demolisher response squad. Destroyed Asb. Hover Unit. K-01 Serf destroyed. as-37798 destroyed. as-90662 destroyed. as-02639 destroyed. as-68729 destroyed. as-81469 destroyed. Lgt. Assault Rifle destroyed. as-71489 destroyed. as-45136 destroyed. as-14496 destroyed. as-30659 destroyed. Grenade Launcher destroyed. as-49271 destroyed. Aluminum Leg destroyed. Lgt. Ion Engine destroyed. Map ----- +----------------------------------------------------+ | ??????????????????????????????????????????? | | ??????????????????????????????????????????? | | ??????????????????????????????????????????? | | ??????????????????????????????????????????? | | ??????????????????????????????????????????? | | ??????????????????????????????????????????? | | ??????????????????????????????????????????? | | ??????????????????????????????????????????? | | ??????????????????????????????????????????? | | ??????????????????????????????????????????? | | ??????????????????????????????????????????? | | ?????????????? ???????????????????????????? | | ???????????? !%?????????????????????? ????? | | ???????????? =|???????????????????????????? | | ????????????!%= ??????????????????????????? | | ?????????????* ? ????#????#??????????????? | | ?????????????![ ??????????????????????????? | | ????????? ??%[ ???????????????#?#??#????? | | ???????????????| ?????????????????#?#???#?? | | ???????????????%!??#######??#?????#???????? | | ????????????#??? ### ##??????????????#? | | ????????????# ?## #???????????????# | | ???????????## # ##??????????????? | | ??????????## ![ #?##???#???????? | | ??????????# !% ##?????????#?#??? | | ?????# = @ #???###???#????#? | | ????# < ! ##?## ######????? | | ???# ### #??#?? | | ???? dd % ##???? | | ???? #### #????? | | ????? #??#[###### | | ????? ! ##?# ***! | | ?????# ##%= ##??# ###### | | ??????##??# ## ##???#[#????? | | ??????????#$ ## #?## ####### #????? | | ??????????# $?####???## ## =! #????? | | ?????????? ?????????### ## #####??#?? | | ????????? ???????????## ### #??????#?? | | ????????????????????#??######?# #????????? | | ??????????????????????????????# #????????? | | ??????????????????????????????# #???????## | | ?????????????????????????????## #????????? | | ?????????????????????????#???# #?#??????? | | ?????????????????????????????# ##???????? | | ????????????????????????????## ##??????? | | ???????????????????????????## #?????#? | | ???????????????????????????# #??????? | | ???????????????????????????## < ##??????? | | ???????????????????????????#### ##???????? | | ???????????????????????????????###????????? | +----------------------------------------------------+ Best States ------------- Heat Dissipation 25 Energy Generation 10 Energy Capacity 250 Matter Stores 246 Matter Capacity 300 Sight Range 16 Terrain Scan Range 16 Terrain Scan Density 10 Evasion (%) 55 Item Schematics ----------------- None Robot Schematics ------------------ None Fabricated ------------ Nothing Repaired ---------- Nothing Alien Tech Used ----------------- None Achievements -------------- None Challenges ------------ None Game ------ Seed AdvancedLightningCarapace Manual? 0 Play Time 00:13:24 Cumulative 51.7 hours Start 2025.07.07 @ 09:04:28 End 2025.07.07 @ 09:17:35 Sessions 1 Manual Loads 0 Difficulty Rogue Special Mode None Game No. 54 Rogue 44 Adventurer 10 Explorer 0 Win Type - Total 1 Types 1/0/0/0/0/0/0/0/0/0 Lore% 26 Gallery% 34 Achievement% 30 Wizard Run 0 Options --------- Layout 1 ASCII 0 Keyboard 0 Movement Numpad Keybinds 0 Fullscreen 1 Font 24/Smallcaps Map View 50x35 Zoom Use 0% Tactical HUD 0 Map Filters NONE Filters NONE Steam 1 RUN: 7f9fb8c9-7309-47f9-8203-5aced8bc36c6